 Dungeon Crawl Stone Soup version 0.30-a0-739-gea05faddec (webtiles) character file.

Game seed: 15582571929908396515

1029 Esekla the Covert (level 8, -6/55 HPs)
             Began as an Octopode Delver on Feb 4, 2023.
             Killed by nerve-wracking pain
             ... invoked by an orc priest
              (7 damage)
             ... on level 6 of the Dungeon.
             The game lasted 00:14:00 (1685 turns).

Esekla the Covert (Octopode Delver)                 Turns: 1685, Time: 00:14:01

Health: -6/55      AC:  2    Str: 12    XL:     8   Next: 23%
Magic:  12/12      EV: 12    Int: 14    God:
Gold:   151        SH:  7    Dex: 13    Spells: 12/12 levels left

rFire   . . .      SeeInvis .    a - +0 scimitar
rCold   . . .      Faith    .    d - +0 kite shield
rNeg    . . .      Spirit   .    m - +1 hat
rPois   .          Reflect  .    (no amulet)
rElec   .          Harm     .    h - +4 ring of slaying
rCorr   .          Rampage  .    (no ring)
Will    .....                    (no ring)
Stlth   +++++                    (no ring)
HPRegen 0.29/turn                (no ring)
MPRegen 0.13/turn                (no ring)
                                 (no ring)
                                 (no ring)

@: lethally poisoned (-6 -> -21)
A: almost no armour, amphibious, 8 rings, camouflage 1, gelatinous body 1,
(nimble swimmer 1), tentacles
a: no special abilities


You were on level 6 of the Dungeon.
You visited 1 branch of the dungeon, and saw 3 of its levels.

You collected 151 gold pieces.

Inventory:

Hand Weapons
 a - a +0 scimitar (weapon)
 r - a +0 trident
 s - a +1 dagger of draining
Armour
 d - a +0 kite shield (worn)
 m - a +1 hat (worn)
Jewellery
 h - a +4 ring of slaying (left tentacle)
Wands
 f - a wand of digging (3)
Scrolls
 b - a scroll of fog
 c - a scroll of blinking {unknown}
 g - a scroll of poison {unknown}
 i - 2 scrolls of identify {unknown}
 n - a scroll of immolation {unknown}
 p - a scroll of amnesia {unknown}
 q - a scroll of teleportation {unknown}
Potions
 j - a potion of curing {unknown}
 k - 2 potions of might {unknown}
 l - 2 potions of invisibility {unknown}
 o - 4 potions of flight {unknown}
 t - 2 potions of heal wounds {unknown}
 u - a potion of lignification {unknown}


   Skills:
 * Level 5.1 Fighting
 + Level 0.2(3.1) Short Blades
 * Level 5.0 Long Blades
 * Level 3.9 Dodging
 + Level 9.2 Stealth
 * Level 1.3 Shields
 * Level 2.7 Spellcasting


You had 12 spell levels left.
You didn't know any spells.
Your spell library was empty.

Dungeon Overview and Level Annotations

Branches:
Dungeon (6/15)
 Temple: D:4-7

Altars:
Ashenzari
Cheibriados
Kikubaaqudgha
Nemelex Xobeh
Qazlal
Vehumet
Wu Jian
The Shining One

Annotations:
D:4 Ijyb, Pikel
D:6 2 runed translucent doors


Innate Abilities, Weirdness & Mutations

You cannot wear most types of armour.
You are amphibious.
You can wear up to eight rings at the same time.
Your skin changes colour to match your surroundings (Stealth+).
Your rubbery body absorbs attacks. (AC +1, EV +1)
((You are camouflaged when in or above water. (Stealth+)))
You have tentacles for arms and can constrict up to eight enemies at once.


Message History

You feel sick.
The orc priest mumbles some strange prayers to Beogh against you.
Beogh smites you!
You feel sick.
You barely miss the orc warrior. You grab the orc warrior.
You squeeze the orc warrior!
The orc warrior is moderately wounded.
You constrict the orc warrior, but do no damage.
You feel sick.
You are no longer poisoned.
The orc warrior misses you.
The orc warrior hits you with a +0 mace!
The orc priest looks satisfied for a moment.
You hit the orc warrior. You squeeze the orc warrior!
The orc warrior is almost dead.
You constrict the orc warrior, but do no damage.
The orc warrior hits you with a +0 mace!
* * * LOW HITPOINT WARNING * * *
You slash the orc warrior!
You kill the orc warrior!
The orc priest mumbles some strange prayers to Beogh against you.
Pain shoots through your body!
* * * LOW HITPOINT WARNING * * *
Your Long Blades skill increases to level 5!
Things that are here:
a +0 mace; a +0 plate armour The orc priest hits you with a +2 hand axe of venom.
* * * LOW HITPOINT WARNING * * *
You are lethally poisoned!
You see here a +0 dagger.
You slash the orc priest! Your grab misses the orc priest.
The orc priest is almost dead.
* * * LOW HITPOINT WARNING * * *
You feel very sick.
The orc priest hits you with a +2 hand axe of venom.
* * * LOW HITPOINT WARNING * * *
You are more poisoned.
The orc priest calls down the wrath of Beogh upon you.
Pain shoots through your body!
You die...

.####...## #... ##
###..## #... #
##..## #... ##..###
##.. ###..## ##.
##..## ## ##..###
###).## ##@.### ##
##o..############.
#.........o.o....o
#.......###########.
#.S......... #..
....o.>........ #..
..S.#..........$#
#..
.#####..####++###
#.. #..#..≈§§§≈# #..


You could see an orc priest.

Vanquished Creatures
  An orc warrior (D:6)
  A black bear (D:6)
  A centaur (D:5)
  An ogre (D:5)
  A phantom (D:6)
  A lemure (D:4)
  A gnoll sergeant (D:4)
  2 necrophages
  2 howler monkeys (D:5)
  A jelly (D:5)
  A hound (D:5)
  An orc priest (D:6)
  An iron imp (D:5)
  3 iguanas
  2 orc wizards (D:6)
  3 gnolls (D:4)
  3 adders
  2 shadow imps (D:5)
  2 ufetubi
  A dart slug (D:4)
  2 orcs (D:6)
  A goblin (D:4)
  A quokka (D:5)
  3 goblin zombies (D:5)
  A hobgoblin zombie (D:5)
  2 kobold skeletons (D:5)
  An orc skeleton (D:5)
  An orc zombie (D:5)
43 creatures vanquished.

Vanquished Creatures (others)
  A withered plant (D:6)
1 creature vanquished.

Grand Total: 44 creatures vanquished

Notes
Turn   | Place    | Note
-------+----------+-------------------------------------------
     0 | D:5      | Esekla the Octopode Delver began the quest for the Orb.
     0 | D:5      | Reached XP level 1. HP: 16/16 MP: 1/1
    19 | D:5      | Noticed a hound
    26 | D:5      | Killed a hound
    27 | D:5      | Reached skill level 7 in Stealth
    27 | D:5      | Reached XP level 2. HP: 10/21 MP: 1/3
    27 | D:5      | Reached XP level 3. HP: 12/26 MP: 1/4
   164 | D:5      | Reached skill level 1 in Spellcasting
   164 | D:5      | Reached XP level 4. HP: 27/31 MP: 5/5
   188 | D:5      | Noticed a scorpion
   215 | D:5      | Noticed a necrophage
   247 | D:5      | Found a sparkling altar of Nemelex Xobeh.
   265 | D:4      | Noticed a lemure
   265 | D:4      | Noticed a lemure
   265 | D:4      | Noticed a lemure
   277 | D:4      | Noticed a scorpion
   430 | D:4      | Found a stormy altar of Qazlal.
   431 | D:4      | Found an ornate altar of the Wu Jian Council.
   454 | D:4      | Found an ancient bone altar of Kikubaaqudgha.
   454 | D:4      | Found a radiant altar of Vehumet.
   456 | D:4      | Found a snail-covered altar of Cheibriados.
   540 | D:4      | Noticed Ijyb
   605 | D:4      | Noticed Pikel
   641 | D:4      | Found a broken altar of Ashenzari.
   676 | D:5      | Noticed a necrophage
   683 | D:5      | Noticed an ogre
   692 | D:5      | Reached XP level 5. HP: 26/37 MP: 5/7
   739 | D:5      | Noticed a centaur
   747 | D:5      | Reached skill level 8 in Stealth
   755 | D:5      | Reached XP level 6. HP: 39/43 MP: 8/8
   947 | D:4      | Reached XP level 7. HP: 49/49 MP: 10/10
  1086 | D:5      | Found a glowing golden altar of the Shining One.
  1198 | D:5      | Identified the +7 whip "Jyakkenk" {flame, Will+}
  1225 | D:6      | Noticed a steam dragon
  1347 | D:6      | Reached skill level 9 in Stealth
  1352 | D:6      | Found a large runed translucent door.
  1352 | D:6      | Found a large runed translucent door.
  1380 | D:6      | Reached skill level 5 in Fighting
  1393 | D:6      | Reached skill level 1 in Shields
  1589 | D:6      | Reached XP level 8. HP: 54/55 MP: 11/11
  1683 | D:6      | Reached skill level 5 in Long Blades
  1685 | D:6      | HP: 1/55 [orc priest/+2 hand axe of venom (4)]
  1685 | D:6      | Killed from afar by an orc priest

Illustrated notes

Levels and vault maps discovered:
D:4:      nicolae_cairo_tiling_large_dashed, layout_cave_pools,
          mainiacjoe_overflow_surrounded_room, nicolae_overflow_hidden_temple,
          lightli_minifort, uniq_ijyb, uniq_pikel
D:5:      layout_rooms, nicolae_tso_besieged_by_evil, nemelex_spade_bored_becter
D:6:      layout_cave_pods, makhleb_grotto_becter, ebering_ghost_disaster_area,
          serial_undead, serial_undead_e, serial_undead_e, serial_undead_e,
          serial_undead_b, serial_undead_f, serial_undead_a, nrook_mini_vaults,
          minmay_circle_x

Skill      XL: |  1  2  3  4  5  6  7  8 |
---------------+-------------------------+-----
Stealth        | 7 8 9 |  9.2
Spellcasting   | 1 2 |  2.7
Long Blades    | 3 4 5 |  5.0
Fighting       | 4 5 |  5.1
Dodging        | 3 |  3.9
Shields        | 1 |  1.3
Short Blades   | |  0.2

Action                     |  1- 3 |  4- 6 |  7- 9 || total
---------------------------+-------+-------+-------++-------
  Melee: Falchion          |    14 |    30 |     8 ||    52
         Constrict         |     3 |     9 |    11 ||    23
         Tentacles         |     3 |    10 |    13 ||    26
         Punch             |       |     3 |     1 ||     4
         Dagger            |       |     2 |     2 ||     4
         Scimitar          |       |       |    45 ||    45
    Use: Scroll            |     1 |     1 |       ||     2
         Potion            |       |       |     1 ||     1
   Stab: Distracted        |       |     1 |     1 ||     2
         Sleeping          |       |     2 |     2 ||     4
 Armour: Skin              |       |     3 |       ||     3
  Dodge: Dodged            |     9 |    26 |    26 ||    61
  Block: Kite shield       |       |       |    10 ||    10

Table legend: (Time is in decaauts)
 A = Elapsed time spent in this place.
 B = Non-inter-level travel time spent in this place.
 C = Inter-level travel time spent in this place.
 D = Time resting spent in this place.
 E = Time spent auto-exploring this place.
 F = Levels seen in this place.
 G = Mean time per level.
                   A        B        C        D        E       F      G
               +--------+--------+--------+--------+--------+-----+--------+
         Total |   1688 |   1672 |     16 |    358 |     35 |   3 |  562.7 |
       Dungeon |   1688 |   1672 |     16 |    358 |     35 |   3 |  562.7 |
               +--------+--------+--------+--------+--------+-----+--------+

Top non-repeatable levels by time:
     D:4: 654 daAuts
     D:5: 629 daAuts
     D:6: 404 daAuts
